 Dungeon Crawl Stone Soup version 0.29.1-12-g30fa7ad0bf (webtiles) character file.

Game seed: 15552513872400395853

1278 hawla the Chiller (level 9, -4/64 HPs)
             Began as a Meteoran Ice Elementalist on Jan 9, 2023.
             Slain by an orc priest
             ... wielding a +0 hand axe
              (5 damage)
             ... on level 7 of the Dungeon.
             The game lasted 00:16:16 (3107 turns).

hawla the Chiller (Meteoran Ice Elementalist)       Turns: 3107, Time: 00:16:19

Health: -4/64      AC:  3    Str: 11    XL:     9   Next: 9%
Magic:  15/20      EV: 13    Int: 26    God:
Gold:   233        SH:  0    Dex: 15    Spells: 13/21 levels left

rFire   + . .      SeeInvis .   c - staff of fire
rCold   . . .      Faith    .   (no shield)
rNeg    . . .      Spirit   .   a - +0 robe
rPois   .          Reflect  .   (no helmet)
rElec   .          Harm     .   g - scarf {repulsion}
rCorr   .          Rampage  .   (no gloves)
Will    +....                   v - +0 pair of boots
Stlth   +.........              (no amulet)
HPRegen 0.20/turn               f - +6 ring of intelligence
MPRegen 0.17/turn               w - ring of wizardry

@: flying, glowing, repel missiles
A: sense surroundings 2, otherworldly, glowing, explore regen
a: no special abilities


You were on level 7 of the Dungeon.
You visited 1 branch of the dungeon, and saw 7 of its levels.

You collected 251 gold pieces.
You spent 18 gold pieces at shops.

Inventory:

Armour
 a - a +0 robe (worn)
 g - a scarf of repulsion (worn)
 v - a +0 pair of boots (worn)
Magical Staves
 c - a staff of fire (weapon)
 e - a staff of cold
Jewellery
 f - a +6 ring of intelligence (left hand)
 w - a ring of wizardry (right hand)
Wands
 k - a wand of polymorph (16)
 o - a wand of quicksilver (5)
Scrolls
 h - a scroll of magic mapping
 j - a scroll of identify
 q - a scroll of acquirement {unknown}
 r - a scroll of enchant armour {unknown}
 s - a scroll of vulnerability {unknown}
 t - a scroll of fear {unknown}
 u - a scroll of teleportation {unknown}
Potions
 b - a potion of magic
 i - 2 potions of might
 m - 3 potions of attraction


   Skills:
 + Level 1.5 Fighting
 + Level 2.2 Staves
 + Level 4.1 Dodging
 - Level 1.4 Stealth
 + Level 6.9 Spellcasting
 + Level 5.6 Conjurations
 + Level 2.0 Fire Magic
 + Level 7.0 Ice Magic
 + Level 2.1 Evocations


You had 13 spell levels left.
You knew the following spells:

 Your Spells              Type           Power      Damage    Failure   Level
a - Freeze                Ice            100%       1d11      1%          1
b - Frozen Ramparts       Ice            90%        1d14      1%          3
c - Hailstorm             Conj/Ice       42%        3d10      1%          4

Your spell library contained the following spells:

 Spells                   Type           Power      Damage    Failure   Level
 Scorch                   Fire           58%        2d8       1%          2
 Ozocubu's Armour         Ice            45%        N/A       1%          3
 Sandblast                Erth           16%        2d6       2%          1
 Stone Arrow              Conj/Erth      46%        3d9       2%          3
 Passwall                 Tmut/Erth      6%         N/A       4%          2
 Flame Wave               Conj/Fire      43%        2d11      5%          4
 Gell's Gravitas          Tloc           8%         N/A       8%          3
 Teleport Other           Tloc           8%         N/A       8%          3
 Dispersal                Tloc           4%         N/A       98%         6
 Summon Cactus Giant      Summ           4%         N/A       98%         6


Dungeon Overview and Level Annotations

Branches:
Dungeon (7/15) Zot: 1094
 Temple: D:4-7

Altars:
Gozag
Xom

Shops:
D:3 *   D:4 :

Annotations:
D:6 1 runed translucent door, SirLogeyBear's ghost, novice HOBe


Innate Abilities, Weirdness & Mutations

You passively map the area around you.
You are easily found by Zot.
You glow in the dark.
You regain HP and MP as you explore.


Message History

Something completely misses you. The orc misses you.
The wight completely misses you.
The wight closely misses your butterfly. x2
The orc priest closely misses you. The orc priest misses your butterfly.
The orc priest hits your butterfly with a +0 hand axe.
Your butterfly dies!
Your butterfly disappears in a burst of colours!
The orc priest completely misses your butterfly.
The orc priest closely misses your butterfly.
You swap places.
A black bear comes into view.
Something hits you.
* * * LOW HITPOINT WARNING * * *
You swap places.
The orc hits your butterfly with a +0 short sword.
Your butterfly dies!
Your butterfly disappears in a burst of colours!
There are monsters nearby!
There are monsters nearby!
Something hits your butterfly.
Your butterfly dies!
Your butterfly disappears in a burst of colours!
The wight closely misses your butterfly.
The wight hits your butterfly with a +0 flail!
Your butterfly dies!
Your butterfly disappears in a burst of colours!
Cast which spell? (? or * to list)
Aiming: Freeze (safe; 1% risk of failure)
Press: ? - help, Shift-Dir - straight line, f - orc priest
Aim: an orc priest, wielding a +0 hand axe and wearing a +0 leather armour (severely wounded, ally target)
You freeze the orc priest.
The orc priest is almost dead.
The orc hits your butterfly with a +0 short sword.
Your butterfly dies!
Your butterfly disappears in a burst of colours!
The wight hits you from afar with a +1 spear.
* * * LOW HITPOINT WARNING * * *
Something closely misses your butterfly.
The orc priest hits you with a +0 hand axe.
You die...

, * , ##...# ,,, , , ,
..... * * ,, , , , ,
.##...### , ** ,
...#....## .# * *, *
,.........####.... *
,* *#.....<....#...# *
* ###.b...h....... *
** ##.....b....b..#
,,* *
,##.......b@.b..## *
,, .......>..ob...# *,
* *......bzzo.z...# *
, ,, ,
......b..bz....# , ,
........zb.....# , , ,
,,.........b..#......#
, ,
...........##..##.).*
,, , ..........## .##
.. * * .......[..#* .#
,


You could see a black bear, 5 wights, an orc priest (ally target) and an orc
(ally target).

Vanquished Creatures
  Prince Ribbit (D:6)
  Edmund (D:5)
  An ice beast (D:6)
  A centaur (D:5)
  An ogre (D:4)
  A phantom (D:6)
  A gnoll sergeant (D:6)
  A necrophage (D:4)
  A howler monkey (D:5)
  A hound (D:5)
  A jelly (D:4)
  4 orc wizards
  2 iguanas (D:5)
  Robin (D:2)
  11 gnolls
  3 adders (D:4)
  A white imp (D:5)
  An ufetubus (D:5)
  2 dart slugs
  18 orcs
  9 endoplasms
  4 giant cockroaches
  12 goblins
  2 hobgoblins
  4 jackals (D:1)
  2 quokkas
  6 ball pythons
  2 bats
  2 frilled lizards
  6 kobolds
  3 rats
106 creatures vanquished.

Notes
Turn   | Place    | Note
-------+----------+-------------------------------------------
     0 | D:1      | hawla the Meteoran Ice Elementalist began the quest for the
                  | Orb.
     0 | D:1      | Reached XP level 1. HP: 14/14 MP: 5/5
    98 | D:1      | Reached XP level 2. HP: 8/20 MP: 4/6
   129 | D:1      | Reached skill level 5 in Ice Magic
   179 | D:1      | Reached XP level 3. HP: 16/26 MP: 6/8
   201 | D:1      | Learned a level 3 spell: Frozen Ramparts
   270 | D:2      | Noticed Robin
   276 | D:2      | Reached skill level 1 in Evocations
   278 | D:2      | Reached skill level 1 in Fire Magic
   281 | D:2      | HP: 1/26 [Robin/+3 trident (4)]
   285 | D:2      | Killed Robin
   286 | D:2      | Reached XP level 4. HP: 2/33 MP: 1/9
   291 | D:2      | Learned a level 4 spell: Hailstorm
   407 | D:3      | Found Diomn's Assorted Antiques.
   513 | D:3      | Bought a bubbling amethyst potion for 18 gold pieces
   566 | D:3      | Reached skill level 1 in Conjurations
   566 | D:3      | Reached XP level 5. HP: 10/38 MP: 5/10
   891 | D:4      | Found Dymasu's Book Emporium.
   915 | D:4      | Noticed an ogre
   927 | D:4      | Killed an ogre
   928 | D:4      | Reached XP level 6. HP: 45/45 MP: 2/11
  1213 | D:4      | Reached skill level 5 in Conjurations
  1312 | D:4      | Found a shimmering altar of Xom.
  1344 | D:4      | Reached XP level 7. HP: 50/50 MP: 3/13
  1678 | D:5      | Entered Level 5 of the Dungeon
  1705 | D:5      | Noticed Edmund
  1710 | D:5      | Killed Edmund
  1717 | D:5      | Reached skill level 6 in Ice Magic
  1721 | D:5      | Reached skill level 5 in Spellcasting
  1721 | D:5      | Reached XP level 8. HP: 18/58 MP: 1/16
  2037 | D:5      | Found an opulent altar of Gozag.
  2156 | D:5      | Reached skill level 1 in Fighting
  2467 | D:6      | HP: 2/59 [phantom (4)]
  2701 | D:6      | Reached skill level 1 in Staves
  2885 | D:6      | Found a runed translucent door.
  2885 | D:6      | Noticed SirLogeyBear's ghost (novice HOBe)
  2963 | D:6      | Noticed Prince Ribbit
  2977 | D:6      | Killed Prince Ribbit
  2978 | D:6      | Reached skill level 7 in Ice Magic
  2978 | D:6      | Gained mutation: You passively map the area around you.
                  | [Meteoran growth]
  2978 | D:6      | Reached XP level 9. HP: 42/64 MP: 8/20
  3102 | D:7      | HP: 1/64 [wight/+1 spear (7)]
  3107 | D:7      | HP: 1/64 [wight/+1 spear (1)]
  3107 | D:7      | Slain by an orc priest

Illustrated notes

Levels and vault maps discovered:
D:1:      erik_arrival_triangle_medium, layout_loops_ring
D:2:      layout_loops_corners, shapermc_ecumenical_altar_petra, basic_altar,
          kennysheep_generic_room_9, uniq_robin
D:3:      layout_rooms, serial_shops, nicolae_shop_hallway_stairs,
          kennysheep_doodads
D:4:      layout_basic, tgw_xom, serial_shops, nicolae_shop_stone
D:5:      layout_basic, mainiacjoe_overflow_concentric_impassable,
          hangedman_decor_clover_reticule, minmay_misc_feat_iff,
          kennysheep_generic_room_7, uniq_edmund
D:6:      layout_basic, hellmonk_ghost_happy_afterlife, uniq_prince_ribbit1
D:7:      cheibrodos_wizards_tower, layout_layer_cave,
          minmay_temple_entry_enclosed_plants

Skill      XL: |  1  2  3  4  5  6  7  8 |
---------------+-------------------------+-----
Ice Magic      | 5 6 7 |  7.0
Evocations     | 1 2 |  2.1
Fire Magic     | 1 2 |  2.0
Conjurations   | 1 4 5 |  5.6
Spellcasting   | 3 5 6 |  6.9
Dodging        | 4 |  4.1
Fighting       | 1 |  1.5
Staves         | 2 |  2.2
Stealth        | |  1.4

Action                   |  1- 3 |  4- 6 |  7- 9 || total
-------------------------+-------+-------+-------++-------
Melee: Staff             |    21 |    16 |    44 ||    81
       Punch             |       |       |     1 ||     1
 Cast: Freeze            |    31 |    27 |    20 ||    78
       Frozen Ramparts   |     3 |    18 |    11 ||    32
       Hailstorm         |       |     3 |    25 ||    28
Evoke: Wand              |       |       |     3 ||     3
  Use: Potion            |     2 |     1 |     6 ||     9
       Scroll            |       |     2 |     9 ||    11
Armor: Robe              |    10 |     7 |    11 ||    28
Dodge: Dodged            |    24 |    17 |    53 ||    94
       Repelled          |       |       |     1 ||     1
